 Dungeon Crawl Stone Soup version 0.30.0-15-g856e2d3f33 (webtiles) character file.

Game seed: 14377768153380689653

247 avis the Cleaver (level 6, -1/53 HPs)
             Began as a Hill Orc Monk on May 18, 2023.
             Slain by an iguana (8 damage)
             ... on level 3 of the Dungeon on May 19, 2023.
             The game lasted 00:14:34 (2797 turns).

avis the Cleaver (Hill Orc Monk)                    Turns: 2797, Time: 00:14:34

Health: -1/53      AC:  9    Str: 16    XL:     6   Next: 11%
Magic:  6/6        EV:  7    Int: 10    God:
Gold:   136        SH:  6    Dex: 19    Spells: 5/5 levels left

rFire   . . .        a - +0 hand axe
rCold   . . .        k - +2 buckler
rNeg    + . .        p - +0 chain mail
rPois   .            (no helmet)
rElec   .            x - +0 cloak
rCorr   .            (no gloves)
SInv    .            (no boots)
Will    .....        (no amulet) Stlth
                     m - +6 ring of dexterity
HPRegen 0.28/turn    u - ring of positive energy
MPRegen 0.10/turn

%: no passive effects
@: no status effects
A: no striking features
a: no special abilities


You were on level 3 of the Dungeon.
You visited 1 branch of the dungeon, and saw 4 of its levels.

You collected 136 gold pieces.

Inventory:

Hand Weapons
 a - a +0 hand axe (weapon)
 b - a +0 sling
 e - a +0 flail
 l - a +2 dagger of protection
 n - a +0 spear
Missiles
 h - 2 poisoned darts (quivered)
Armour
 d - an orb of light
 k - a +2 buckler (worn)
 p - a +0 chain mail (worn)
 q - a +0 robe
 t - an orb of wrath
 x - a +0 cloak (worn)
 y - a +0 chain mail
Jewellery
 m - a +6 ring of dexterity (left hand)
 o - a ring of fire
 u - a ring of positive energy (right hand)
Scrolls
 g - a scroll of fog {unknown}
 i - 3 scrolls of identify {unknown}
 r - a scroll of teleportation {unknown}
 s - 2 scrolls of torment {unknown}
Potions
 c - 2 potions of ambrosia
 f - a potion of flight {unknown}
 j - a potion of curing {unknown}
 v - a potion of attraction {unknown}
 w - a potion of cancellation {unknown}


   Skills:
 + Level 4.3 Fighting
 * Level 8.1 Axes
 - Level 1.0 Armour
 - Level 2.4 Dodging


You had 5 spell levels left.
You didn't know any spells.
Your spell library contained the following spells:

 Spells                   Type           Power      Damage    Failure   Level
 Dazzling Flash           Conj/Hex       0%         N/A       100%        3
 Volatile Blastmotes      Fire/Tloc      0%         2d10      100%        3
 Iskenderun's Mystic Bla  Conj/Tloc      0%         2d3       100%        4
 Iskenderun's Battlesphe  Conj           0%         2d6       100%        5
 Iron Shot                Conj/Erth      0%         9d1       100%        6
 Starburst                Conj/Fire      0%         6d3       100%        6
 Spellforged Servitor     Conj/Summ      0%         N/A       100%        7


Dungeon Overview and Level Annotations

Branches:
Dungeon (4/15)
 Temple: D:4-7

Altars:
Cheibriados
Uskayaw


Message History

The iguana bites you but does no damage.
The orc attacks as you move away! The orc hits you with a +0 falchion.
You hit the iguana.
The iguana is lightly wounded.
The iguana bites you but does no damage.
You hit the iguana but do no damage.
The iguana is lightly wounded.
The iguana barely misses you.
You hit the iguana but do no damage.
The iguana is lightly wounded.
You barely miss the iguana.
The iguana is lightly wounded.
The iguana bites you.
You hit the iguana but do no damage.
The iguana is lightly wounded.
The iguana bites you.
You closely miss the iguana.
The iguana is lightly wounded.
The iguana bites you but does no damage.
You hit the iguana but do no damage.
The iguana is lightly wounded.
The iguana bites you.
You barely miss the iguana.
The iguana is lightly wounded.
The iguana bites you but does no damage.
You hit the iguana.
The iguana is moderately wounded.
The iguana bites you!
* * * LOW HITPOINT WARNING * * *
You hit the iguana.
The iguana is heavily wounded.
The iguana bites you.
* * * LOW HITPOINT WARNING * * *
You barely miss the iguana.
The iguana is heavily wounded.
The iguana bites you but does no damage.
You hit the iguana.
The iguana is almost dead.
The iguana bites you!
You die...

############ #..........###
#...######....
#####...##########
#...#...#...# #.>[#.8.#.<.#
#.o.#...#...#
######l###'###'######
#...#@..........#...##
#...'.⌠.......⌠.'.<.##
#...#...........#...##
######'###'###'#######
#...#...#...# ####
#.>.#.8.#.<.###...
#...#...#...##....
##################...#########.
#...........######...##### #.


You could see an iguana and an orc.

Vanquished Creatures
  A sleepcap (D:2)
  2 orc wizards (D:3)
  A gnoll (D:3)
  6 adders
  An ufetubus (D:3)
  2 worms (D:2)
  4 dart slugs
  2 orcs (D:3)
  5 bats
  7 endoplasms
  3 giant cockroaches
  5 goblins
  9 hobgoblins
  9 jackals
  2 quokkas
  11 ball pythons
  5 frilled lizards
  3 kobolds
  7 rats
85 creatures vanquished.

Notes
Turn   | Place    | Note
-------+----------+-------------------------------------------
     0 | D:1      | avis the Hill Orc Monk began the quest for the Orb.
     0 | D:1      | Reached XP level 1. HP: 19/19 MP: 1/1
    38 | D:1      | Reached XP level 2. HP: 23/26 MP: 2/2
   127 | D:1      | Reached skill level 5 in Axes
   257 | D:1      | Reached XP level 3. HP: 31/31 MP: 3/3
   728 | D:2      | Reached skill level 6 in Axes
   745 | D:2      | Reached XP level 4. HP: 35/39 MP: 4/4
  1211 | D:2      | Reached skill level 7 in Axes
  1292 | D:2      | Reached XP level 5. HP: 35/46 MP: 5/5
  1866 | D:3      | Noticed a +0 spear
  1867 | D:3      | Noticed a +0 dagger
  1867 | D:3      | Noticed a +0 falchion
  1867 | D:3      | Noticed a +0 spear
  1867 | D:3      | Noticed a +0 falchion
  1867 | D:3      | Noticed a +0 dagger
  1872 | D:3      | Noticed a +0 short sword
  1873 | D:3      | Noticed a +0 short sword
  1878 | D:3      | Found a hide-covered altar of Uskayaw.
  2241 | D:3      | Found a faded altar of an unknown god.
  2249 | D:3      | Found a snail-covered altar of Cheibriados.
  2519 | D:3      | Reached skill level 1 in Armour
  2613 | D:3      | Reached skill level 8 in Axes
  2718 | D:3      | Reached XP level 6. HP: 35/53 MP: 6/6
  2797 | D:3      | Slain by an iguana

Illustrated notes

Levels and vault maps discovered:
D:1:      psy_arrival_basics, layout_rooms, serial_forest,
          infiniplex_forest_end_3, infiniplex_forest_end_1,
          infiniplex_forest_clump_medium, infiniplex_forest_clump_small,
          infiniplex_forest_clump_C, hangedman_decor_points
D:2:      layout_loops_ring, minmay_misc_feat_encased, minmay_tetromino_t2
D:3:      layout_loops_ring, nicolae_overflow_ecumenical_swirl,
          nicolae_uskayaw_en_pointe, nicolae_elevator_lobby_plus
D:4:      layout_rooms, mainiacjoe_overflow_surrounded_room,
          minmay_temple_entry_junction

Skill      XL: |  1  2  3  4  5 |
---------------+----------------+-----
Axes           | 5 6 7 8 |  8.1
Fighting       | 4 |  4.3
Armour         | 1 |  1.0
Dodging        | |  2.4

Action                     |  1- 3 |  4- 6 || total
---------------------------+-------+-------++-------
  Melee: Hand axe          |   105 |   163 ||   268
   Fire: Sling             |       |    36 ||    36
  Throw: Dart              |       |     2 ||     2
 Armour: Robe              |     5 |       ||     5
         Ring mail         |    31 |    10 ||    41
         Chain mail        |       |    80 ||    80
  Dodge: Dodged            |    55 |    48 ||   103
  Block: Buckler           |    10 |    47 ||    57
